 Dungeon Crawl Stone Soup version 0.17.1-1-g73c8601 (webtiles) character file.

3061 Implojin the Grappler (level 9, -3/80 HPs)
             Began as a Troll Fighter on Apr 6, 2016.
             Was a Believer of Okawaru.
             Slain by a manticore (9 damage)
             ... on level 12 of the Dungeon.
             The game lasted 00:12:19 (1907 turns).

Implojin the Grappler (Troll Fighter)               Turns: 1907, Time: 00:12:20

Health: -3/80      AC:  6    Str: 26    XL:     9   Next: 57%
Magic:  17/17      EV: 12    Int:  4    God:    Okawaru [**....]
Gold:   133        SH: 11    Dex: 12    Spells: 0 memorised, 8 levels left

rFire  + . .     SeeInvis .       - Unarmed
rCold  . . .     Clarity  .     a - +0 robe
rNeg   . . .     SustAt   .     b - +0 shield
rPois  .         Gourm    +     (helmet restricted)
rElec  .         Spirit   .     y - +0 cloak
rCorr  .         Warding  .     (gloves unavailable)
rMut   .         Stasis   .     (boots unavailable)
MR     .....                    (no amulet)
Stlth  ++........               q - ring of magical power (curse)
                                h - ring of protection from fire

@: heroism, manticore barbs, not resistant to hostile enchantments, unstealthy
A: unfitting armour, claws 3, fast metabolism 3, gourmand, regeneration 2,
shaggy fur 1, tough skin 2
a: Heroism, Renounce Religion


You were on level 12 of the Dungeon.
You worshipped Okawaru.
Okawaru was pleased with you.
You were very full.

You visited 2 branches of the dungeon, and saw 13 of its levels.

You collected 133 gold pieces.

Inventory:

Missiles
 e - 4 large rocks (quivered)
Armour
 a - a +0 robe (worn)
 b - a +0 shield (worn)
 y - a +0 cloak (worn)
Jewellery
 h - a ring of protection from fire (left claw)
 p - an uncursed ring of teleportation
 q - a cursed ring of magical power (right claw)
Wands
 l - a wand of disintegration (16)
 r - a wand of frost (28)
 x - a wand of confusion (15)
Scrolls
 g - 5 scrolls of remove curse
 j - a scroll of immolation
 m - a scroll of amnesia
 n - a scroll of fog
 s - a scroll of recharging
 t - a scroll of magic mapping
 u - a scroll of random uselessness {unknown}
 w - a scroll of brand weapon {unknown}
Potions
 f - a potion of curing
 i - a potion of resistance
 v - a potion of degeneration
Comestibles
 c - 2 beef jerkies
 d - 5 bread rations
 k - a chunk of flesh
 o - a slice of pizza


   Skills:
 - Level 2.4(7.4) Fighting
 - Level 2.4(7.4) Dodging
 - Level 2.4(7.4) Shields
 * Level 13.1(18.1) Unarmed Combat


You had 8 spell levels left.
You didn't know any spells.

Dungeon Overview and Level Annotations

Branches:
Dungeon (12/15)            Temple (1/1) D:5
   Lair: D:8-11         Orc: D:9-12

Altars:
Ashenzari
Elyvilon
Fedhas
Gozag
Nemelex Xobeh
Okawaru
Sif Muna
Trog
Xom
Yredelemnul
Zin

Shops:
D:5 }

Annotations:
D:5 Prince Ribbit; Wriath's ghost, novice HOSu
D:6 exclusion: upstairs


Innate Abilities, Weirdness & Mutations

You are too large for most types of armour.
You have claws for hands.
Your metabolism is lightning-fast.
You like to eat raw meat.
You heal very quickly.
You are covered in fur (AC +1).
You have very tough skin (AC +2).


Message History

A manticore comes into view.
Found 19 bolts.
There isn't anything here!
The manticore flicks its tail.
The volley of spikes hits you!
The barbed spikes become lodged in your body.
* * * LOW HITPOINT WARNING * * *
There is an open door, spattered with blood here.
The barbs in your skin will harm you if you move.
Continue?
The barbed spikes dig painfully into your body as you move.
* * * LOW HITPOINT WARNING * * *
The slime creature quivers.
You close the door.
The manticore flicks its tail.
The volley of spikes hits you!
The barbed spikes become lodged in your body.
* * * LOW HITPOINT WARNING * * *
Drink which item? (? for menu, Esc to quit)
You feel better.
Drink which item? (? for menu, Esc to quit)
You feel better. The manticore barely misses you. The manticore misses you.
The manticore misses you.
You scratch the manticore but do no damage.
The manticore barely misses you. You block the manticore's attack.
The manticore closely misses you.
You scratch the manticore but do no damage.
You mangle the manticore!!
The manticore is heavily wounded.
The manticore bites you.
* * * LOW HITPOINT WARNING * * *
The manticore claws you!
* * * LOW HITPOINT WARNING * * *
The manticore claws you.
* * * LOW HITPOINT WARNING * * *
You scratch the manticore but do no damage.
The manticore is heavily wounded.
The manticore bites you!
* * * LOW HITPOINT WARNING * * *
The manticore barely misses you. The manticore claws you!
You die...

#..# #..###
##....### .......#
####...#.#
.........#
#J#.####...#########
#......JJ..+@H......
#J#.####...#########
# #...###### #.
#........# #.
###......#
#.####.#....).+
#...<).#......#
#..#.#.#......#
#..).#........##


You could see a manticore.

Vanquished Creatures
  A hill giant (D:10)
  An ugly thing (D:11)
  2 slime creatures (D:12)
  A yak (D:11)
  Edmund (D:5)
  2 ice beasts
  2 sky beasts
  4 ogres
  2 centaurs
  A crocodile (D:11)
  2 giant frogs (D:6)
  A killer bee (D:7)
  3 jellies
  Crazy Yiuf (D:5)
  An orc priest (D:6)
  A centaur zombie (D:5)
  A crimson imp (D:11)
  3 worker ants
  2 iguanas
  An orc wizard (D:12)
  A hound skeleton (D:6)
  6 adders
  3 river rats (D:11)
  An adder zombie (D:6)
  An adder skeleton (D:4)
  A worm (D:5)
  A giant gecko (D:4)
  12 orcs
  4 bats
  A giant cockroach (D:3)
  A hobgoblin (D:2)
  4 jackals (D:4)
  2 quokkas
  2 ball pythons (D:3)
  2 giant newts
  A goblin (D:3)
  3 kobolds
  10 rats (D:11)
89 creatures vanquished.

Vanquished Creatures (others)
  A fungus (D:11)
1 creature vanquished.

Grand Total: 90 creatures vanquished

Notes
Turn   | Place    | Note
--------------------------------------------------------------
     0 | D:1      | Implojin the Troll Fighter began the quest for the Orb.
     0 | D:1      | Reached XP level 1. HP: 22/22 MP: 0/0
   139 | D:3      | Reached skill level 3 in Unarmed Combat
   139 | D:3      | Reached XP level 2. HP: 29/29 MP: 1/1
   187 | D:4      | Reached XP level 3. HP: 32/36 MP: 2/2
   202 | D:5      | Entered Level 5 of the Dungeon
   213 | D:5      | Found a glowing silver altar of Zin.
   213 | D:5      | Found a shattered altar of Ashenzari.
   256 | D:5      | Noticed an ice beast
   262 | D:5      | Killed an ice beast
   262 | D:5      | Reached skill level 5 in Unarmed Combat
   262 | D:5      | Reached XP level 4. HP: 44/44 MP: 3/3
   270 | D:5      | Reached XP level 5. HP: 27/50 MP: 4/4
   350 | D:5      | Noticed Wriath's ghost (novice HOSu)
   380 | D:6      | Noticed an ogre
   392 | D:6      | Killed an ogre
   392 | D:6      | Reached skill level 6 in Unarmed Combat
   422 | D:6      | Noticed a sky beast
   433 | D:6      | Reached XP level 6. HP: 42/59 MP: 5/5
   437 | D:6      | Killed a sky beast
   437 | D:6      | Reached skill level 7 in Unarmed Combat
   481 | D:7      | Reached XP level 7. HP: 26/66 MP: 6/6
   563 | D:5      | Found a shimmering altar of Xom.
   563 | D:5      | Found a sparkling altar of Nemelex Xobeh.
   566 | D:5      | Found a basalt altar of Yredelemnul.
   590 | D:6      | Reached skill level 8 in Unarmed Combat
   728 | D:6      | Noticed an ogre
   744 | D:6      | Killed an ogre
   792 | D:5      | Noticed a centaur
   799 | D:5      | Killed a centaur
  1023 | D:4      | Reached skill level 9 in Unarmed Combat
  1208 | D:5      | Noticed Crazy Yiuf
  1237 | D:5      | Noticed Prince Ribbit
  1259 | D:5      | Noticed Edmund
  1267 | D:5      | Killed Edmund
  1267 | D:5      | Reached XP level 8. HP: 67/74 MP: 7/7
  1386 | D:5      | Found Wuvoosk's Gadget Shop.
  1389 | D:5      | Found a staircase to the Ecumenical Temple.
  1396 | Temple   | Entered the Ecumenical Temple
  1404 | Temple   | Became a worshipper of Warmaster Okawaru
  1454 | D:5      | Killed Crazy Yiuf
  1569 | D:8      | Reached skill level 10 in Unarmed Combat
  1639 | D:10     | Entered Level 10 of the Dungeon
  1665 | D:10     | Noticed a hill giant
  1684 | D:10     | Killed a hill giant
  1684 | D:10     | Reached * piety under Okawaru
  1684 | D:10     | Reached skill level 11 in Unarmed Combat
  1733 | D:11     | Reached XP level 9. HP: 46/80 MP: 5/8
  1744 | D:11     | Noticed a red ugly thing
  1769 | D:11     | Killed a red ugly thing
  1769 | D:11     | Reached skill level 12 in Unarmed Combat
  1777 | D:11     | Reached ** piety under Okawaru
  1896 | D:12     | Reached skill level 13 in Unarmed Combat
  1898 | D:12     | Noticed a manticore
  1907 | D:12     | Slain by a manticore

Action                   |  1- 3 |  4- 6 |  7- 9 || total
-------------------------+-------+-------+-------++-------
Melee: Unarmed           |    43 |    32 |   205 ||   280
Throw: Large rock        |       |       |     3 ||     3
Invok: Heroism           |       |       |     4 ||     4
  Use: Potion            |     1 |       |     5 ||     6
       Scroll            |       |       |    12 ||    12
 Stab: Sleeping          |     1 |       |     1 ||     2
  Eat: Chunk             |     7 |       |    16 ||    23

Table legend:
 A = Turns spent in this place as a percentage of turns spent in the entire game.
 B = Non-inter-level travel turns spent in this place as a percentage of non-inter-level travel turns spent in the entire game.
 C = Inter-level travel turns spent in this place as a percentage of turns spent in this place.
 D = Turns resting spent in this place as a percentage of non-inter-level travel turns spent in this place.
 E = Turns spent auto-exploring this place as a percentage of non-inter-level travel turns spent in this place.
 F = Non-inter-level travel turns spent in this place divided by the number of levels of this place that you've seen.
                   A       B       C       D       E      F
               +-------+-------+-------+-------+-------+----------------------
         Total | 100.0 | 100.0 |   0.0 |   0.0 |   0.0 | 140.8
       Dungeon |  99.0 |  99.0 |   0.0 |   0.0 |   0.0 | 151.1
        Temple |   1.0 |   1.0 |   0.0 |   0.0 |   0.0 |  18.0
               +-------+-------+-------+-------+-------+----------------------

Table legend:
 A = Kills in this place as a percentage of kills in entire the game.
 B = Kills by you in this place as a percentage of kills by you in the entire game.
 C = Kills by friends in this place as a percentage of kills by friends in the entire game.
 D = Other kills in this place as a percentage of other kills in the entire game.
 E = Experience gained in this place as a percentage of experience gained in the entire game.
 F = Experience gained in this place divided by the number of levels of this place that you have seen.
                   A       B       C       D       E      F
               +-------+-------+-------+-------+-------+----------------------
         Total | 100.0 | 100.0 |  -nan |  -nan | 100.0 | 336.5
       Dungeon | 100.0 | 100.0 |  -nan |  -nan | 100.0 | 364.5
               +-------+-------+-------+-------+-------+----------------------
